| TOP OF THE 1ST |
|
Wichita State University Shockers batting - Pitching for University of California Golden Bears : RHP Jeremy Trotter
|
|
Pitching: RHP Jeremy Trotter
|
|
|
Batting: SHB Nadhir Umayr
|
0-0: Called Strike 0-1: Foul Ball, location: 2F 0-2: Strikes out swinging
|
|
Batting: RHB Kieron Clark
|
0-0: Ball 1-0: Ball 2-0: Swinging Strike 2-1: Ball 3-1: Base on Balls
|
|
Batting: RHB Zach Maguire
|
0-0: Ball 1-0: Ball 2-0: Ball 3-0: Base on Balls Kieron Clark to second
|
|
Batting: RHB Manny Hensley
|
0-0: Called Strike 0-1: Ball 1-1: Called Strike 1-2: Ball 2-2: Strikes out swinging
|
|
Batting: RHB Nick Gossman
|
0-0: Ball 1-0: SINGLE (Groundball, 56, EV 98.8 MPH) Kieron Clark to third Zach Maguire to second
|
|
Batting: RHB Bill Nguyen-Tan
|
0-0: Ground out 5-3 (Groundball, 56S, EV 67.5 MPH)
|
| Top of the 1st over - 0 runs, 1 hit, 0 errors, 3 left on base; Wichita State University 0 - University of California 0 |
| BOTTOM OF THE 1ST |
|
University of California Golden Bears batting - Pitching for Wichita State University Shockers : RHP Adam Savage
|
|
Pitching: RHP Adam Savage
|
|
|
Batting: RHB Timoleon Tsikouna
|
0-0: Swinging Strike 0-1: Ball 1-1: Ball 2-1: Foul Ball, location: 2F 2-2: Ball 3-2: Foul Ball, location: 2F 3-2: SINGLE (Groundball, 4D, EV 100.0 MPH)
|
|
Batting: RHB Ryan Roberts
|
0-0: Called Strike 0-1: TRIPLE (Flyball, 89XD, EV 90.6 MPH) Timoleon Tsikouna scores
|
|
Batting: RHB Tony Harper
|
0-0: Ball 1-0: Called Strike 1-1: 2-RUN HOME RUN (Flyball, 7D, EV 100.0 MPH), Distance : 411 ft
|
|
Batting: RHB Tommy Hunter
|
0-0: Ball 1-0: Foul Ball, location: 2F 1-1: Ball 2-1: Swinging Strike 2-2: Ball 3-2: Fly out, F9 (Flyball, 9, EV 85.0 MPH)
|
|
Batting: RHB Mike Gangi
|
0-0: SINGLE (Groundball, 56D, EV 97.5 MPH)
|
|
Batting: LHB Dean Luttman
|
0-0: Ball 1-0: Ball 2-0: Foul Ball, location: 2F 2-1: Called Strike 2-2: Foul Ball, location: 2F 2-2: SINGLE (Groundball, 34D, EV 108.1 MPH) Mike Gangi to second Runner from 2nd tries for 3rd, SAFE, no throw by RF
|
|
Batting: RHB Gojko Golob
|
0-0: Called Strike 0-1: Fly out, F8 (Flyball, 8LD, EV 85.0 MPH) Runner from 3rd tags up, SCORES, throw by CF
|
|
Batting: SHB Javon Mitchell
|
0-0: Ground out 1-3 (Groundball, 15S, EV 68.1 MPH)
|
| Bottom of the 1st over - 4 runs, 5 hits, 0 errors, 1 left on base; Wichita State University 0 - University of California 4 |
| TOP OF THE 2ND |
|
Wichita State University Shockers batting - Pitching for University of California Golden Bears : RHP Jeremy Trotter
|
|
Batting: RHB Brad Brady
|
0-0: Ball 1-0: Ground out 4-3 (Groundball, 4MD, EV 95.6 MPH)
|
|
Batting: SHB Houston Phillips
|
0-0: Ball 1-0: DOUBLE (Line Drive, 7LS, EV 106.9 MPH)
|
|
Batting: RHB Rafael Gil
|
0-0: DOUBLE (Flyball, 78XD, EV 100.6 MPH) Houston Phillips scores
|
|
Batting: SHB Nadhir Umayr
|
0-0: Foul Ball, location: 2F 0-1: Ball 1-1: Ball 2-1: Foul Ball, location: 2F 2-2: Strikes out swinging
|
|
Batting: RHB Kieron Clark
|
0-0: Called Strike 0-1: Called Strike 0-2: DOUBLE (Flyball, 8LXD, EV 87.5 MPH) Rafael Gil scores
|
|
Batting: RHB Zach Maguire
|
0-0: Called Strike 0-1: Ball 1-1: Ball 2-1: Ball 3-1: Foul Ball, location: 2F 3-2: Base on Balls
|
|
Batting: RHB Manny Hensley
|
0-0: Called Strike 0-1: Called Strike 0-2: Foul Ball, location: 2F 0-2: Fly out, F7 (Flyball, 78M, EV 84.4 MPH)
|
| Top of the 2nd over - 2 runs, 3 hits, 0 errors, 2 left on base; Wichita State University 2 - University of California 4 |
| BOTTOM OF THE 2ND |
|
University of California Golden Bears batting - Pitching for Wichita State University Shockers : RHP Adam Savage
|
|
Batting: LHB Dean Bloemendal
|
0-0: Ball 1-0: Foul Ball, location: 2F 1-1: Called Strike 1-2: Ball 2-2: Strikes out swinging
|
|
Batting: RHB Timoleon Tsikouna
|
0-0: Foul Ball, location: 2F 0-1: Ground out 5-3 (Groundball, 56, EV 85.6 MPH)
|
|
Batting: RHB Ryan Roberts
|
0-0: Ball 1-0: Fly out, F9 (Flyball, 89M, EV 82.5 MPH)
|
| Bottom of the 2nd over - 0 runs, 0 hits, 0 errors, 0 left on base; Wichita State University 2 - University of California 4 |
| TOP OF THE 3RD |
|
Wichita State University Shockers batting - Pitching for University of California Golden Bears : RHP Jeremy Trotter
|
|
Batting: RHB Nick Gossman
|
0-0: Ball 1-0: Ground out 5-3 (Groundball, 56S, EV 90.6 MPH)
|
|
Batting: RHB Bill Nguyen-Tan
|
0-0: Swinging Strike 0-1: Ground out 4-3 (Groundball, 4, EV 108.1 MPH)
|
|
Batting: RHB Brad Brady
|
0-0: Ball 1-0: Ball 2-0: Ball 3-0: Called Strike 3-1: Base on Balls
|
|
Batting: SHB Houston Phillips
|
0-0: Ball 1-0: Ball 2-0: Foul Ball, location: 2F 2-1: Fielders Choice at 2nd, 6-4 (Groundball, 6, EV 81.2 MPH)
|
| Top of the 3rd over - 0 runs, 0 hits, 0 errors, 1 left on base; Wichita State University 2 - University of California 4 |
| BOTTOM OF THE 3RD |
|
University of California Golden Bears batting - Pitching for Wichita State University Shockers : RHP Adam Savage
|
|
Batting: RHB Tony Harper
|
0-0: Ball 1-0: Ball 2-0: Foul Ball, location: 2F 2-1: DOUBLE (Line Drive, 5D, EV 99.4 MPH)
|
|
Batting: RHB Tommy Hunter
|
0-0: DOUBLE (Line Drive, 3D, EV 94.4 MPH) Tony Harper scores
|
|
Batting: RHB Mike Gangi
|
0-0: Swinging Strike 0-1: Ground out 3-1 (Groundball, 34S, EV 78.8 MPH) Tommy Hunter to third
|
|
Batting: LHB Dean Luttman
|
0-0: Ball 1-0: Ball 2-0: Foul Ball, location: 2F 2-1: Fly out, F8 (Flyball, 8RXD, EV 79.4 MPH) Runner from 3rd tags up, SCORES, no throw by CF
|
|
Batting: RHB Gojko Golob
|
0-0: Ball 1-0: Ball 2-0: Ball 3-0: Base on Balls
|
|
Pitching: RHP Hideyoshi Okubo
|
|
|
Batting: SHB Javon Mitchell
|
0-0: Swinging Strike 0-1: Foul Ball, location: 2F 0-2: Ball 1-2: Strikes out swinging
|
| Bottom of the 3rd over - 2 runs, 2 hits, 0 errors, 1 left on base; Wichita State University 2 - University of California 6 |
| TOP OF THE 4TH |
|
Wichita State University Shockers batting - Pitching for University of California Golden Bears : RHP Jeremy Trotter
|
|
Batting: RHB Rafael Gil
|
0-0: Fly out, F6 (Popup, 6S, EV 73.1 MPH)
|
|
Batting: SHB Nadhir Umayr
|
0-0: Ball 1-0: Called Strike 1-1: Ball 2-1: Ground out U3 (Groundball, 23, EV 86.2 MPH)
|
|
Batting: RHB Kieron Clark
|
0-0: Ball 1-0: Ball 2-0: Ball 3-0: Base on Balls
|
|
Batting: RHB Zach Maguire
|
0-0: Swinging Strike 0-1: Swinging Strike 0-2: Strikes out looking
|
| Top of the 4th over - 0 runs, 0 hits, 0 errors, 1 left on base; Wichita State University 2 - University of California 6 |
| BOTTOM OF THE 4TH |
|
University of California Golden Bears batting - Pitching for Wichita State University Shockers : RHP Hideyoshi Okubo
|
|
Batting: LHB Dean Bloemendal
|
0-0: Called Strike 0-1: Ball 1-1: SINGLE (Line Drive, 8RS, EV 95.0 MPH)
|
|
Batting: RHB Timoleon Tsikouna
|
0-0: Swinging Strike 0-1: Swinging Strike 0-2: Ball 1-2: Strikes out looking
|
|
Batting: RHB Ryan Roberts
|
0-0: Ball 1-0: Ball 2-0: Ball 3-0: Base on Balls Dean Bloemendal to second
|
|
Batting: RHB Tony Harper
|
0-0: Ball 1-0: Ball 2-0: Called Strike 2-1: Ball 3-1: Grounds into double play, 1-4-3 (Groundball, P, EV 66.9 MPH)
|
| Bottom of the 4th over - 0 runs, 1 hit, 0 errors, 1 left on base; Wichita State University 2 - University of California 6 |
| TOP OF THE 5TH |
|
Wichita State University Shockers batting - Pitching for University of California Golden Bears : RHP Jeremy Trotter
|
|
Pitching: RHP Miguel Montelongo
|
|
|
Batting: RHB Manny Hensley
|
0-0: Called Strike 0-1: Ball 1-1: Called Strike 1-2: Ball 2-2: Foul Ball, location: 2F 2-2: Foul Ball, location: 2F 2-2: Foul Ball, location: 2F 2-2: Foul Ball, location: 2F 2-2: Fly out, F8 (Line Drive, 8RM, EV 86.2 MPH)
|
|
Batting: RHB Nick Gossman
|
0-0: Ball 1-0: Foul Ball, location: 2F 1-1: Swinging Strike 1-2: Ball 2-2: SOLO HOME RUN (Flyball, 8LXD, EV 111.9 MPH), Distance : 451 ft
|
|
Batting: RHB Bill Nguyen-Tan
|
0-0: Foul Ball, location: 2F 0-1: Called Strike 0-2: Ball 1-2: Ball 2-2: Strikes out looking
|
|
Batting: RHB Brad Brady
|
0-0: Called Strike 0-1: Swinging Strike 0-2: Fly out, F6 (Flyball, 56D, EV 80.0 MPH)
|
| Top of the 5th over - 1 run, 1 hit, 0 errors, 0 left on base; Wichita State University 3 - University of California 6 |
| BOTTOM OF THE 5TH |
|
University of California Golden Bears batting - Pitching for Wichita State University Shockers : RHP Hideyoshi Okubo
|
|
Batting: RHB Tommy Hunter
|
0-0: Ball 1-0: Ball 2-0: Foul Ball, location: 2F 2-1: Foul Ball, location: 2F 2-2: Foul Ball, location: 2F 2-2: Strikes out swinging
|
|
Batting: RHB Mike Gangi
|
0-0: Ball 1-0: Ball 2-0: Ball 3-0: Base on Balls
|
|
Batting: LHB Dean Luttman
|
0-0: Grounds into double play, 6-4-3 (Groundball, 6M, EV 102.5 MPH)
|
| Bottom of the 5th over - 0 runs, 0 hits, 0 errors, 0 left on base; Wichita State University 3 - University of California 6 |
| TOP OF THE 6TH |
|
Wichita State University Shockers batting - Pitching for University of California Golden Bears : RHP Miguel Montelongo
|
|
Batting: SHB Houston Phillips
|
0-0: Swinging Strike 0-1: Ball 1-1: Foul Ball, location: 2F 1-2: Strikes out swinging
|
|
Batting: RHB Rafael Gil
|
0-0: Foul Ball, location: 2F 0-1: Swinging Strike 0-2: Ball 1-2: Strikes out looking
|
|
Pinch Hitting: LHB Steve LeGrand
|
0-0: Ground out 4-3 (Groundball, 34D, EV 100.0 MPH)
|
| Top of the 6th over - 0 runs, 0 hits, 0 errors, 0 left on base; Wichita State University 3 - University of California 6 |
| BOTTOM OF THE 6TH |
|
University of California Golden Bears batting - Pitching for Wichita State University Shockers : RHP Hideyoshi Okubo
|
|
Now at 1B: Steve LeGrand
|
|
|
Batting: RHB Gojko Golob
|
0-0: Ball 1-0: Ball 2-0: Foul Ball, location: 2F 2-1: Ball 3-1: Base on Balls
|
|
Batting: SHB Javon Mitchell
|
0-0: Sac Bunt to P - play at second, runner OUT! 1-6
|
|
Batting: LHB Dean Bloemendal
|
0-0: Called Strike 0-1: Foul Ball, location: 2F 0-2: Ground out 4-3 (Groundball, 34, EV 86.2 MPH) Javon Mitchell to second
|
|
Pitching: RHP Mark Fedor
|
|
|
Pinch Hitting: LHB Yomas Rodriguez
|
0-0: Ball 1-0: Ball 2-0: SINGLE (Groundball, 6MD, EV 101.2 MPH) Javon Mitchell to third Runner from 3rd tries for Home, SAFE, throw by CF to home
|
|
Pinch Hitting: RHB Dan Myers
|
0-0: DOUBLE (Flyball, 78XD, EV 104.4 MPH) Yomas Rodriguez to third Runner from 3rd tries for Home, SAFE, no throw by CF
|
|
Batting: RHB Tony Harper
|
0-0: Ball 1-0: Ground out 5-3 (Groundball, 56, EV 84.4 MPH)
|
| Bottom of the 6th over - 2 runs, 2 hits, 0 errors, 1 left on base; Wichita State University 3 - University of California 8 |
| TOP OF THE 7TH |
|
Wichita State University Shockers batting - Pitching for University of California Golden Bears : RHP Miguel Montelongo
|
|
Now at 2B: Yomas Rodriguez
|
|
|
Now at SS: Javon Mitchell
|
|
|
Now in CF: Dan Myers
|
|
|
Now in RF: Dean Luttman
|
|
|
Batting: RHB Kieron Clark
|
0-0: Ball 1-0: Called Strike 1-1: Ground out 6-3 (Groundball, 6M, EV 85.0 MPH)
|
|
Batting: LHB Dong-u Chang
|
0-0: Foul Ball, location: 2F 0-1: Ball 1-1: Called Strike 1-2: Strikes out looking
|
|
Batting: RHB Manny Hensley
|
0-0: Ground out 6-3 (Groundball, 6M, EV 100.6 MPH)
|
| Top of the 7th over - 0 runs, 0 hits, 0 errors, 0 left on base; Wichita State University 3 - University of California 8 |
| BOTTOM OF THE 7TH |
|
University of California Golden Bears batting - Pitching for Wichita State University Shockers : RHP Mark Fedor
|
|
Batting: RHB Tommy Hunter
|
0-0: Ball 1-0: Foul Ball, location: 2F 1-1: Ball 2-1: Ball 3-1: Foul Ball, location: 2F 3-2: Ground out 5-3 (Groundball, 56S, EV 84.4 MPH)
|
|
Batting: RHB Luis Monita
|
0-0: Ball 1-0: Ground out 5-3 (Groundball, 56, EV 101.9 MPH)
|
|
Batting: LHB Dean Luttman
|
0-0: Called Strike 0-1: Ball 1-1: Ball 2-1: Ball 3-1: Called Strike 3-2: Strikes out swinging
|
| Bottom of the 7th over - 0 runs, 0 hits, 0 errors, 0 left on base; Wichita State University 3 - University of California 8 |
| TOP OF THE 8TH |
|
Wichita State University Shockers batting - Pitching for University of California Golden Bears : RHP Miguel Montelongo
|
|
Batting: RHB Nick Gossman
|
0-0: Ball 1-0: Ball 2-0: Fly out, F8 (Flyball, 8LM, EV 82.5 MPH)
|
|
Pinch Hitting: LHB Sam Williams
|
0-0: Ball 1-0: Foul Ball, location: 2F 1-1: Swinging Strike 1-2: Foul Ball, location: 2F 1-2: Ball 2-2: Foul Ball, location: 2F 2-2: Ground out 1-3 (Groundball, 34S, EV 63.1 MPH)
|
|
Pitching: LHP Jayden Carey
|
|
|
Batting: RHB Brad Brady
|
0-0: Ball 1-0: Swinging Strike 1-1: Ball 2-1: Ground out 3-1 (Groundball, 13, EV 78.8 MPH)
|
| Top of the 8th over - 0 runs, 0 hits, 0 errors, 0 left on base; Wichita State University 3 - University of California 8 |
| BOTTOM OF THE 8TH |
|
University of California Golden Bears batting - Pitching for Wichita State University Shockers : RHP Mark Fedor
|
|
Now in RF: Bill Girton
|
|
|
Batting: RHB Gojko Golob
|
0-0: Ball 1-0: Foul Ball, location: 2F 1-1: Ball 2-1: Called Strike 2-2: Strikes out swinging
|
|
Pinch Hitting: RHB Tyler Arrington
|
0-0: Ball 1-0: Ground out 6-3 (Groundball, 6, EV 104.4 MPH)
|
|
Batting: LHB Dean Bloemendal
|
0-0: Ball 1-0: Called Strike 1-1: Swinging Strike 1-2: Ball 2-2: SINGLE (Groundball, 6D, EV 94.4 MPH)
|
|
Batting: LHB Yomas Rodriguez
|
0-0: Foul Ball, location: 2F 0-1: Ball 1-1: Ball 2-1: Foul Ball, location: 2F 2-2: Ball 3-2: Strikes out swinging
|
| Bottom of the 8th over - 0 runs, 1 hit, 0 errors, 1 left on base; Wichita State University 3 - University of California 8 |
| TOP OF THE 9TH |
|
Wichita State University Shockers batting - Pitching for University of California Golden Bears : LHP Jayden Carey
|
|
Now at SS: Tyler Arrington
|
|
|
Pinch Hitting: RHB Efrain Cedeno
|
0-0: Ball 1-0: DOUBLE (Groundball, 5L, EV 103.8 MPH)
|
|
Pinch Hitting: RHB Jason Baldwin
|
0-0: Swinging Strike 0-1: Ball 1-1: Ball 2-1: Foul Ball, location: 2F 2-2: Ball 3-2: Strikes out looking
|
|
Batting: LHB Steve LeGrand
|
0-0: Called Strike 0-1: Ball 1-1: Swinging Strike 1-2: Ball 2-2: Ground out U3 (Groundball, 34S, EV 86.9 MPH) Efrain Cedeno to third
|
|
Pinch Hitting: RHB Jonathan Iniguez
|
0-0: Called Strike 0-1: Ball 1-1: Foul Ball, location: 2F 1-2: Ground out 1-3 (Groundball, 34S, EV 70.0 MPH)
|
| Top of the 9th over - 0 runs, 1 hit, 0 errors, 1 left on base; Wichita State University 3 - University of California 8 |
|